 Dungeon Crawl Stone Soup version 0.24.0-13-gcf9b319 (webtiles) character file.

Game seed: 1568442458968377678, levelgen mode: deterministic

235 Fang the Skirmisher (level 6, -2/39 HPs)
             Began as a Gargoyle Berserker on Nov 13, 2019.
             Was a Believer of Trog.
             Slain by an orc warrior
             ... wielding a +0 glaive
              (11 damage)
             ... on level 4 of the Dungeon on Nov 14, 2019.
             The game lasted 00:03:32 (2980 turns).

Fang the Skirmisher (Gargoyle Berserker)            Turns: 2980, Time: 00:03:33

Health: -2/39      AC: 13    Str: 23    XL:     6   Next: 5%
Magic:  6/6        EV:  6    Int: 10    God:    Trog [**....]
Gold:   237        SH:  7    Dex:  9    Spells: 5/5 levels left

rFire    . . .     SeeInvis .   a - +0 hand axe
rCold    . . .     Gourm    .   t - +0 shield
rNeg     + . .     Faith    .   b - +0 chain mail
rPois    ∞         Spirit   .   (no helmet)
rElec    +         Reflect  .   (no cloak)
rCorr    .         Harm     .   (no gloves)
MR       .....                  (no boots)
Stlth    ..........             (no amulet)
HPRegen  0.13/turn              n - +3 ring of intelligence
MPRegen  0.10/turn              (no ring)

@: berserk cooldown, slowed, very slow
A: negative energy resistance 1, electricity resistance, unbreathing,
petrification resistance, rot immunity, AC +4
a: Berserk, Trog's Hand, Renounce Religion


You were on level 4 of the Dungeon.
You worshipped Trog.
Trog was pleased with you.
You were hungry.

You visited 1 branch of the dungeon, and saw 4 of its levels.

You collected 237 gold pieces.

Inventory:

Hand Weapons
 a - a +0 hand axe (weapon)
Armour
 b - a +0 chain mail (worn)
 t - a +0 shield (worn)
Jewellery
 n - a +3 ring of intelligence (left hand)
Scrolls
 e - a scroll of remove curse {unknown}
 g - 2 scrolls of noise {unknown}
 h - a scroll of blinking {unknown}
 i - a scroll of fog {unknown}
 k - 4 scrolls of identify {unknown}
 l - 2 scrolls of immolation {unknown}
 p - a scroll of teleportation {unknown}
 r - a scroll of enchant armour {unknown}
Potions
 d - a potion of curing {unknown}
 j - a potion of cancellation {unknown}
 m - 3 potions of haste {unknown}
 o - a potion of magic {unknown}
 q - 2 potions of resistance {unknown}
 s - a potion of might {unknown}
 u - a potion of flight {unknown}
 v - a potion of brilliance {unknown}
Comestibles
 c - 3 rations
 f - a chunk of flesh


   Skills:
 + Level 4.5 Fighting
 + Level 3.7 Axes
 + Level 3.8 Armour
 + Level 2.8 Dodging


You had 5 spell levels left.
You didn't know any spells.
Your spell library was empty.

Dungeon Overview and Level Annotations

Branches:
Dungeon (4/15)
 Temple: D:4-7

Altars:
Nemelex Xobeh
Qazlal
Trog
The Shining One


Innate Abilities, Weirdness & Mutations

You are resistant to torment.
Your stone body is resilient. (AC +4)
You are immune to poison.
You resist negative energy. (rN+)
You are resistant to electric shocks. (rElec)
You can survive without breathing.
You are immune to petrification.
You are immune to rotting.


Message History

The orc warrior hits you from afar with a +0 glaive.
* * * LOW HITPOINT WARNING * * *
Items here: )) [ † a +0 club; a +0 ring mail; a +0 flail; an orc corpse You feel a strong urge to attack something.
Items here: ( )) = [[ † You closely miss the orc warrior.
The orc warrior hits you but does no damage.
You closely miss the orc warrior. The orc warrior barely misses you.
You slash the orc warrior!
The orc warrior is heavily wounded.
You slash the orc warrior!
The orc warrior is severely wounded.
You are no longer berserk.
You are exhausted.
You feel yourself slow down. You block the orc warrior's attack.
You hit the orc warrior but do no damage.
The orc warrior is severely wounded.
The orc warrior hits you with a +0 glaive!
You die...

..........###
............##
.............##
..(...........###
................#
.................
...........%....#
#.o@))......#
####.......#
##..#..##
########..## ##
..##....##...#
#...........##
#............###
#..............#
##......[......#


You could see an orc warrior.

Vanquished Creatures
  2 orc wizards
  2 orc priests
  A centaur skeleton (D:3)
  3 adders (D:3)
  An ooze (D:2)
  2 leopard geckos
  10 orcs
  4 giant cockroaches
  11 hobgoblins
  5 bats
  6 frilled lizards
  3 goblins
  3 kobolds (D:1)
  8 rats
61 creatures vanquished.

Notes
Turn   | Place    | Note
-------+----------+-------------------------------------------
     0 | D:1      | Fang the Gargoyle Berserker began the quest for the Orb.
     0 | D:1      | Reached XP level 1. HP: 14/14 MP: 1/1
   127 | D:1      | Reached XP level 2. HP: 17/19 MP: 2/2
   736 | D:2      | Reached XP level 3. HP: 19/23 MP: 3/3
  1172 | D:2      | Reached XP level 4. HP: 29/29 MP: 4/4
  1235 | D:2      | Reached ** piety under Trog
  1527 | D:3      | Reached skill level 4 in Fighting
  1752 | D:3      | Reached XP level 5. HP: 26/33 MP: 5/5
  2075 | D:3      | Found a stormy altar of Qazlal.
  2077 | D:3      | Found a bloodstained altar of Trog.
  2089 | D:3      | Found a sparkling altar of Nemelex Xobeh.
  2831 | D:4      | Found a glowing golden altar of the Shining One.
  2959 | D:4      | Noticed an orc warrior
  2973 | D:4      | Reached XP level 6. HP: 15/39 MP: 6/6
  2980 | D:4      | Slain by an orc warrior

Levels and vault maps discovered:
D:1:      lightli_iron_boxes, layout_loops_ring, chequers_serial_rivers_micro_e
D:2:      layout_loops_corners, serial_bayou_lagoon_b
D:3:      layout_loops_cross, nicolae_overflow_hidden_temple,
          nemelex_diamond_rough_becter
D:4:      layout_cave_pods, kennysheep_little_box

Skill      XL: |  1  2  3  4 |
---------------+-------------+-----
Axes           | 3 |  3.7
Dodging        | 2 |  2.8
Armour         | 3 |  3.8
Fighting       | 4 |  4.5

Action                   |  1- 3 |  4- 6 || total
-------------------------+-------+-------++-------
Melee: Hand axe          |   108 |   159 ||   267
Invok: Berserk           |     1 |     2 ||     3
 Stab: Sleeping          |     1 |       ||     1
  Eat: Chunk             |     1 |     8 ||     9
Armor: Animal skin       |    43 |    54 ||    97
       Chain mail        |       |    10 ||    10
Dodge: Dodged            |    89 |   107 ||   196
Block: Shield            |       |    27 ||    27
